 Dungeon Crawl Stone Soup version 0.29.0-11-gd7f09526c8 (webtiles) character file.

Game seed: 16416018697079989627

10693 themarg the Cleaver (level 11, -13/153 HPs)
             Began as a Minotaur Berserker on Sept 7, 2022.
             Was a High Priest of Trog.
             Engulfed by a bog body's freezing vapour (34 damage)
             ... on level 2 of the Lair of Beasts.
             The game lasted 00:24:08 (12875 turns).

themarg the Cleaver (Minotaur Berserker)           Turns: 12875, Time: 00:24:09

Health: -13/153    AC: 10    Str: 27    XL:     11   Next: 39%
Magic:  10/10      EV: 18    Int:  8    God:    Trog [*****.]
Gold:   769        SH:  0    Dex: 19    Spells: 10/10 levels left

rFire   + + .      SeeInvis +   a - +1 war axe "Xiaboi" {drain, rF+ Int+4 Dex+4}
rCold   x . .      Faith    .   (no shield)
rNeg    . . .      Spirit   .   k - +0 leather armour
rPois   +          Reflect  .   (helmet restricted)
rElec   .          Harm     .   J - +0 cloak
rCorr   .          Rampage  +   j - +0 pair of gloves
Will    .....                   P - +1 pair of boots {rampage}
Stlth   ..........              (no amulet)
HPRegen 0.35/turn               p - ring "Kutac" {Fire rPois Slay-3 SInv}
MPRegen 0.12/turn               s - +6 ring of dexterity

@: berserking, quick
A: horns 2, retaliatory headbutt
a: Renounce Religion, Berserk, Trog's Hand, Brothers in Arms


You were on level 2 of the Lair of Beasts.
You worshipped Trog.
Trog was extremely pleased with you.
You visited 2 branches of the dungeon, and saw 10 of its levels.
You also visited: Ossuary.

You collected 769 gold pieces.

Inventory:

Hand Weapons
 a - the +1 war axe "Xiaboi" (weapon) {drain, rF+ Int+4 Dex+4}
   (You found it on level 6 of the Dungeon)

   A truly terrible weapon, it drains the life of any living foe it strikes.
   Int:       It affects your intelligence (+4).
   Dex:       It affects your dexterity (+4).
   rF:        It protects you from fire.
 b - a +4 morningstar of freezing
Missiles
 i - 21 poisoned darts (quivered)
 A - 3 throwing nets
 O - 2 atropa-tipped darts
 S - 4 curare-tipped darts
Armour
 j - a +0 pair of gloves (worn)
 k - a +0 leather armour (worn)
 w - a +0 pair of boots
 J - a +0 cloak (worn)
 P - a +1 pair of boots of rampaging (worn)
Jewellery
 m - a ring of protection from fire
 p - the ring "Kutac" (left hand) {Fire rPois Slay-3 SInv}
   (You found it on level 2 of the Dungeon)

   [ring of fire]

   It enhances your fire magic.
   Slay:      It affects your accuracy & damage with ranged weapons and melee
   (-3).
   rF:        It protects you from fire.
   rC:        It makes you vulnerable to cold.
   rPois:     It protects you from poison.
   SInv:      It lets you see invisible.
 s - a +6 ring of dexterity (right hand)
 y - a +6 ring of strength
 I - a ring of ice
 K - a +4 ring of protection
 Q - a ring of ice
 R - a ring of willpower
Wands
 L - a wand of mindburst (20)
 M - a wand of flame (11)
 T - a wand of charming (4)
Scrolls
 c - 12 scrolls of teleportation {unknown}
 d - 4 scrolls of vulnerability {unknown}
 e - 6 scrolls of poison {unknown}
 g - 4 scrolls of fear {unknown}
 h - 11 scrolls of identify {unknown}
 o - 3 scrolls of enchant armour {unknown}
 v - a scroll of enchant weapon {unknown}
 x - 4 scrolls of silence {unknown}
 B - a scroll of magic mapping {unknown}
 C - 3 scrolls of amnesia {unknown}
 D - 5 scrolls of fog {unknown}
 E - 2 scrolls of noise {unknown}
 U - a scroll of blinking {unknown}
Potions
 f - 5 potions of brilliance {unknown}
 l - 8 potions of curing {unknown}
 n - 3 potions of attraction {unknown}
 q - 3 potions of lignification {unknown}
 r - 2 potions of mutation {unknown}
 t - a potion of magic {unknown}
 u - a potion of cancellation {unknown}
 z - 2 potions of ambrosia {unknown}
 F - 3 potions of heal wounds {unknown}
 G - 3 potions of invisibility {unknown}
 H - 3 potions of berserk rage
 N - a potion of degeneration {unknown}


   Skills:
 + Level 11.4 Fighting
 + Level 11.4 Axes
 + Level 11.1 Armour
 + Level 10.2 Dodging


You had 10 spell levels left.
You didn't know any spells.
Your spell library was empty.

Dungeon Overview and Level Annotations

Branches:
Dungeon (8/15)             Temple (0/1) D:6            Lair (2/5) D:8
Ossuary (visited)
  Swamp: Lair:2-3    Shoals: Lair:2-3     Snake: Lair:2-3    Spider: Lair:2-3

Altars:
Ashenzari
Elyvilon
Gozag
Kikubaaqudgha
Okawaru
Sif Muna
Trog
Xom
Yredelemnul

Annotations:
D:8 2 transporters, RascalDebosk's ghost, novice MiBe


Innate Abilities, Weirdness & Mutations

You have a pair of horns on your head.
You reflexively headbutt those who attack you in melee.


Message History

No target in view!
U - a scroll labelled JEUSAEG UPALAHUME No target in view!
A bog body comes into view.
A swamp worm comes into view.
The swamp worm fires a harpoon shot at you.
The harpoon shot hits you.
You are yanked forward by the harpoon shot.
Splash!
You fall into the shallow water.
Moving in this stuff is going to be slow.
A swamp worm and a bog body come into view.
You barely miss the swamp worm. Your headbutt misses the swamp worm.
The swamp worm bites you!! The bog body casts a spell at you.
You resist with significant effort.
Your unstable footing causes you to fumble your attack.
The swamp worm closely misses you.
You slash the swamp worm! You headbutt the swamp worm!
The swamp worm is heavily wounded.
The swamp worm closely misses you. You furiously retaliate!
You headbutt the swamp worm! The swamp worm bites you!
You hit the swamp worm. Your headbutt misses the swamp worm.
The swamp worm is almost dead.
You hit the bog body but do no damage.
The bog body gestures at you while chanting.
The bolt of cold misses you.
The swamp worm bites you but does no damage.
The bog body touches you. The bog body freezes you!!
You feel a terrible chill!
Your troll goes berserk!
You are engulfed in freezing vapours.
* * * LOW HITPOINT WARNING * * *
The swamp worm barely misses you. You furiously retaliate!
You headbutt the swamp worm.
The bog body gestures at you while chanting.
The bolt of cold misses you.
A red film seems to cover your vision as you go berserk!
You feel yourself moving faster!
You feel mighty!
You are engulfed in freezing vapours.
You die...

...#.# .## .....# ### ...##
...P.## #.## ### ....
...#..#####..#####.####..#
.##......................#
.#..##.♣.P#♣♣.#...###.P####
.#♣♣#♣♣♣♣♣♣ ♣..........##.#
.♣ ♣♣♣♣♣♣.......## ♣♣
♣~ww@♣♣♣......#
.......n...⌠....## ♣
.......♣T..⌠.....# ♣
~~~n≈~≈~♣♣♣....#.# ♣♣♣♣♣♣♣
..##.# # ### ... .#.# .#


You could see 2 bog bodies, 2 swamp worms and a friendly troll (summoned,
berserk).

Vanquished Creatures
  Fannar (Lair:1)
  A boulder beetle (D:8)
  4 black mambas
  3 cane toads (Lair:2)
  A komodo dragon (Lair:2)
  2 polar bears
  4 blink frogs (Lair:2)
  3 yaks (Lair:2)
  A wyvern (Lair:1)
  7 water moccasins
  An orc warrior (D:8)
  An ice beast (D:6)
  A hornet zombie (D:7)
  2 black bears (D:4)
  3 sky beasts
  An ogre (D:7)
  2 centaurs
  2 phantoms (D:5)
  2 kobold brigands
  5 bullfrogs
  4 necrophages
  2 scorpions
  A water moccasin zombie (D:7)
  5 wights
  2 bullfrog zombies (D:7)
  2 human zombies
  A jelly (D:7)
  9 orc priests
  4 hounds
  3 gnoll boudas
  7 iguanas
  5 hell rats (Lair:1)
  7 orc wizards
  2 hound zombies (Ossuary)
  7 mummies
  3 howler monkey zombies (D:7)
  8 adders
  18 gnolls
  14 river rats (Lair:1)
  A shadow imp (D:5)
  A white imp (D:6)
  2 adder zombies (Ossuary)
  2 worms
  3 dart slugs
  23 orcs
  5 bats
  9 endoplasms
  3 giant cockroaches (D:1)
  3 gnoll zombies (Ossuary)
  8 goblins
  7 hobgoblins
  11 kobolds
  10 quokkas
  6 ball pythons
  10 frilled lizards
  3 goblin zombies
  A hobgoblin zombie (D:5)
  2 jackal zombies (Ossuary)
  20 rats
281 creatures vanquished.

Vanquished Creatures (collateral kills)
  A cane toad (Lair:1)
  A komodo dragon (Lair:1)
  A hell rat (Lair:1)
  3 river rats (Lair:1)
6 creatures vanquished.

Vanquished Creatures (others)
  12 fungi (Lair:2)
  26 plants
38 creatures vanquished.

Grand Total: 325 creatures vanquished

Notes
Turn   | Place    | Note
-------+----------+-------------------------------------------
     0 | D:1      | themarg the Minotaur Berserker began the quest for the Orb.
     0 | D:1      | Reached XP level 1. HP: 19/19 MP: 0/0
   181 | D:1      | Reached XP level 2. HP: 27/27 MP: 1/1
  1239 | D:2      | Reached XP level 3. HP: 27/33 MP: 2/2
  1624 | D:2      | Reached XP level 4. HP: 34/41 MP: 3/3
  1627 | D:2      | Reached ** piety under Trog
  1788 | D:2      | Identified the ring "Kutac" {Fire rPois Slay-3 SInv}
  2764 | D:3      | Found a white marble altar of Elyvilon.
  2930 | D:4      | Reached XP level 5. HP: 31/47 MP: 4/4
  3104 | D:4      | Reached skill level 5 in Fighting
  3104 | D:4      | Reached skill level 5 in Axes
  3175 | D:4      | Reached XP level 6. HP: 38/56 MP: 5/5
  3558 | D:4      | Reached skill level 5 in Armour
  3558 | D:4      | Reached XP level 7. HP: 47/62 MP: 6/6
  4141 | D:4      | Reached skill level 5 in Dodging
  4574 | D:5      | Entered Level 5 of the Dungeon
  4779 | D:5      | Reached *** piety under Trog
  4787 | D:5      | Found a sand-covered staircase.
  4798 | Ossuary  | Entered an ossuary
  4806 | Ossuary  | Reached XP level 8. HP: 55/71 MP: 7/7
  5549 | D:5      | Found a transporter.
  5568 | D:5      | Found a transporter.
  5576 | D:5      | Found a shimmering blue altar of Sif Muna.
  5588 | D:5      | Found a shimmering altar of Xom.
  6269 | D:6      | Found a basalt altar of Yredelemnul.
  6290 | D:6      | Identified the +1 war axe "Xiaboi" {drain, rF+ Int+4 Dex+4}
  6659 | D:6      | Reached XP level 9. HP: 76/81 MP: 8/8
  6684 | D:6      | Found a staircase to the Ecumenical Temple.
  7064 | D:6      | Found an iron altar of Okawaru.
  7065 | D:6      | Found a bloodstained altar of Trog.
  8071 | D:7      | Reached **** piety under Trog
  8214 | D:7      | Found an ancient bone altar of Kikubaaqudgha.
  8439 | D:8      | Found a transporter.
  8998 | D:8      | Found a transporter.
  9002 | D:8      | Noticed RascalDebosk's ghost (novice MiBe)
  9269 | D:8      | Found an opulent altar of Gozag.
  9296 | D:8      | Found a transporter.
  9299 | D:8      | Found a transporter.
  9300 | D:8      | Noticed a boulder beetle
  9346 | D:8      | Reached ***** piety under Trog
  9432 | D:8      | Found a staircase to the Lair.
  9590 | D:8      | Found a broken altar of Ashenzari.
  9739 | D:8      | Killed a boulder beetle
  9740 | D:8      | Reached XP level 10. HP: 36/91 MP: 9/9
 10059 | Lair:1   | Entered Level 1 of the Lair of Beasts
 10078 | Lair:1   | Noticed Fannar
 10089 | Lair:1   | Killed Fannar
 10376 | Lair:1   | Noticed a black mamba
 10379 | Lair:1   | Noticed a black mamba
 10388 | Lair:1   | Killed a black mamba
 10389 | Lair:1   | Reached skill level 10 in Fighting
 10389 | Lair:1   | Reached skill level 10 in Axes
 10392 | Lair:1   | Killed a black mamba
 10814 | Lair:1   | Noticed a cane toad
 10834 | Lair:1   | Reached skill level 10 in Armour
 10834 | Lair:1   | Killed a cane toad
 11352 | Lair:1   | Noticed a black mamba
 11359 | Lair:1   | Killed a black mamba
 11939 | Lair:2   | Noticed a black mamba
 11950 | Lair:2   | Killed a black mamba
 11962 | Lair:2   | Noticed a cane toad
 11962 | Lair:2   | Noticed a cane toad
 11971 | Lair:1   | Reached XP level 11. HP: 76/101 MP: 10/10
 12243 | Lair:2   | Identified the +0 chain mail "Mome" {MP+9}
 12525 | Lair:2   | Reached skill level 10 in Dodging
 12868 | Lair:2   | Noticed a bog body
 12869 | Lair:2   | Noticed a bog body
 12875 | Lair:2   | Engulfed by a bog body's freezing vapour

Illustrated notes

Levels and vault maps discovered:
D:1:      scummos_arrival_simple_crosswalls, layout_basic
D:2:      layout_rooms, minmay_split_cup_large
D:3:      layout_basic, nicolae_elyvilon_peaceful_grove
D:4:      layout_rooms, st_stairs_5, grunt_ministairs_6, lexackson_kobold_supper
D:5:      layout_cave_pools, gammafunk_temple_overflow_arena,
          nicolae_ossuary_entry_giza
D:6:      layout_rooms, grunt_temple_overflow_bloody_war,
          mainiacjoe_overflow_catwalk, minmay_lizard_king
D:7:      layout_gridville, lemuel_mausoleum_altar_kikubaaqudgha
D:8:      gammafunk_boulding_lane, layout_basic, kennysheep_mini_moat,
          mainiacjoe_overflow_alcove_2, lair_entry_dummy,
          gammafunk_ghost_stat_death
Lair:1:   lemuel_ratsnest, layout_regular_city, serial_bayou_shore_b,
          uniq_fannar
Lair:2:   layout_loops_ring, nicolae_swamp_entry_splash_gauntlet

Skill      XL: |  1  2  3  4  5  6  7  8  9 10 11 |
---------------+----------------------------------+-----
Axes           | 4 5 6 8 9 10 11 | 11.4
Fighting       | 4 5 6 7 9 10 11 | 11.4
Armour         | 3 4 5 6 7 9 10 11 | 11.1
Dodging        | 3 4 5 6 8 9 10 | 10.2

Action                   |  1- 3 |  4- 6 |  7- 9 | 10-12 || total
-------------------------+-------+-------+-------+-------++-------
Melee: Hand axe          |    81 |   112 |   266 |       ||   459
       Headbutt          |     8 |    25 |   132 |    39 ||   204
       Punch             |     1 |     1 |     9 |     3 ||    14
       War axe           |       |       |   208 |   157 ||   365
       Morningstar       |       |       |       |    24 ||    24
Invok: Berserk           |       |     2 |     6 |     2 ||    10
       Brothers in Arms  |       |       |       |     2 ||     2
 Stab: Sleeping          |     1 |       |     4 |     1 ||     6
       Distracted        |       |       |       |     1 ||     1
Armor: Animal skin       |     8 |       |       |       ||     8
       Leather armour    |    12 |    70 |   101 |    40 ||   223
Dodge: Dodged            |    43 |   100 |   333 |   169 ||   645
